 Dungeon Crawl Stone Soup version 0.18-a0-1731-g08f49a8 (webtiles) character file.

585 Geeful the Chiller (level 7, -2/41 HPs)
             Began as an Octopode Ice Elementalist on Apr 10, 2016.
             Killed by divine providence
             ... invoked by an orc priest
              (13 damage)
             ... on level 4 of the Dungeon.
             The game lasted 00:14:48 (5757 turns).

Geeful the Chiller (Octopode Ice Elementalist)      Turns: 5757, Time: 00:14:48

Health: -2/41      AC:  1    Str:  8    XL:     7   Next: 37%
Magic:  10/13      EV: 13    Int: 19    God:
Gold:   143        SH:  0    Dex: 12    Spells: 4 memorised, 3 levels left

rFire  . . .     SeeInvis .     (no weapon)
rCold  . . .     Gourm    .     (no shield)
rNeg   . . .     Faith    .     (helmet restricted)
rPois  .         Spirit   .     (no amulet)
rElec  .         Dismiss  .     q - ring of wizardry
rCorr  .         Reflect  .     (no ring)
SustAt .         Harm     .     (no ring)
MR     .....                    (no ring)
Stlth  +++.......               (no ring)
                                (no ring)
                                (no ring)
                                (no ring)

@: not resistant to hostile enchantments, fairly stealthy
A: almost no armour, amphibious, 8 rings, constrict 8, camouflage 1, gelatinous
body 1
a: no special abilities


You were on level 4 of the Dungeon.
You were not hungry.

You visited 1 branch of the dungeon, and saw 4 of its levels.

You collected 143 gold pieces.

Inventory:

Missiles
 p - a javelin (quivered)
Jewellery
 q - a ring of wizardry (left tentacle)
Scrolls
 e - a scroll of teleportation
 f - 2 scrolls of fog
 g - a scroll of enchant armour
 i - a scroll of recharging
 l - a scroll of enchant weapon
 o - a scroll of magic mapping {unknown}
Potions
 c - a potion of might
 h - 3 potions of cancellation
 j - a potion of berserk rage
 k - a potion of degeneration {unknown}
 m - 2 potions of flight
 n - a potion of haste {unknown}
 r - a potion of lignification {unknown}
Books
 a - a book of Frost

   Spells                             Type                      Level
   a - Freeze                         Ice                          1
   b - Throw Frost                    Conjuration/Ice              2
   c - Ozocubu's Armour               Charms/Ice                   3
   d - Throw Icicle                   Conjuration/Ice              4
   e - Summon Ice Beast               Ice/Summoning                4
 d - a book of Hinderance

   Spells                             Type                      Level
   a - Confusing Touch                Hexes                        2
   b - Confuse                        Hexes                        3
   c - Gell's Gravitas                Hexes/Translocation          3
   d - Petrify                        Transmutation/Earth          4
   e - Metabolic Englaciation         Hexes/Ice                    5
   f - Yara's Violent Unravelling     Hexes/Transmutation          5
 t - a book of Flames

   Spells                             Type                      Level
   a - Flame Tongue                   Conjuration/Fire             1
   b - Throw Flame                    Conjuration/Fire             2
   c - Conjure Flame                  Conjuration/Fire             3
   d - Inner Flame                    Hexes/Fire                   3
   e - Sticky Flame                   Conjuration/Fire             4
   f - Fireball                       Conjuration/Fire             5
Comestibles
 b - a bread ration
 s - 3 chunks of flesh


   Skills:
 + Level 4.4 Dodging
 - Level 2.6 Stealth
 + Level 4.1 Spellcasting
 - Level 1.0 Conjurations
 * Level 6.0 Ice Magic


You had 3 spell levels left.
You knew the following spells:

 Your Spells              Type           Power        Failure   Level  Hunger
a - Freeze                Ice            ####         1%          1    None
b - Ozocubu's Armour      Chrm/Ice       ###.....     4%          3    ###....
c - Throw Icicle          Conj/Ice       ###.....     14%         4    ####...
d - Confuse               Hex            #.......     16%         3    ###....


Dungeon Overview and Level Annotations

Branches:
Dungeon (4/15)
 Temple: D:4-7

Altars:
Gozag
Xom


Innate Abilities, Weirdness & Mutations

You cannot wear most types of armour.
You are amphibious.
You can wear up to eight rings at the same time.
You can use your tentacles to constrict eight enemies at once.
Your skin changes colour to match your surroundings (Stealth).
Your rubbery body absorbs attacks (AC +1).


Message History

The orc priest hits you with a short sword.
Casting: Freeze
Confirm with . or Enter, or press ? or * to list all spells.
Aiming: Freeze
Press: ? - help, Shift-Dir - straight line, f - orc priest
Aim: an orc priest, wielding a short sword (moderately wounded)
You freeze the orc priest.
The orc priest is heavily wounded.
The orc priest hits you with a short sword.
* * * LOW HITPOINT WARNING * * *
Casting: Freeze
Confirm with . or Enter, or press ? or * to list all spells.
Aiming: Freeze
Press: ? - help, Shift-Dir - straight line, f/p - orc priest
Aim: an orc priest, wielding a short sword (heavily wounded)
You freeze the orc priest.
The orc priest is heavily wounded.
The orc priest calls down the wrath of Beogh upon you.
Beogh smites you!
You die...

.....#### ##.##
#..........#### .#####
####..# #.......#### ##
##.....## #####..##
##.#####.#######.## #.##
##......#.#### #.#
#.####...##.## # ##.#
###.(##......## # #..#
##[...#.......## ## #..##
+#@o?..#........# .#
#.#.#####.##([##........#
.#
#.......#'#####.........#
.##
###....##.##...........##
..# #.##.'...#.###......##
#.## #.##.##.##[# #...<###
#..######.....###..###.####
#..##.......>......##..#
##..............##.....#


You could see an orc priest.

Vanquished Creatures
  The ghost of slender the Tainter, an amateur OpVM (D:3)
  3 scorpions
  Natasha (thrice) (D:3)
  2 worker ants (D:4)
  4 adders
  3 worms (D:3)
  5 dart slugs
  6 giant geckos
  12 orcs
  7 goblins
  5 hobgoblins
  8 jackals
  2 quokkas
  A ball python (D:1)
  5 bats
  A giant newt (D:1)
  10 kobolds
  5 rats
83 creatures vanquished.

Vanquished Creatures (others)
  A plant (D:1)
1 creature vanquished.

Grand Total: 84 creatures vanquished

Notes
Turn   | Place    | Note
--------------------------------------------------------------
     0 | D:1      | Geeful the Octopode Ice Elementalist began the quest for the Orb.
     0 | D:1      | Reached XP level 1. HP: 11/11 MP: 3/3
   437 | D:1      | Reached XP level 2. HP: 15/17 MP: 0/5
  1407 | D:1      | Reached XP level 3. HP: 21/21 MP: 4/6
  2041 | D:2      | Found a faded altar to an unknown god.
  2429 | D:2      | Found an opulent altar of Gozag.
  2733 | D:2      | Reached XP level 4. HP: 23/27 MP: 5/7
  2865 | D:2      | Found a shimmering altar of Xom.
  2865 | D:2      | Found a shimmering altar of Xom.
  2865 | D:2      | Found a shimmering altar of Xom.
  2866 | D:2      | Found a shimmering altar of Xom.
  2866 | D:2      | Found a shimmering altar of Xom.
  2866 | D:2      | Found a shimmering altar of Xom.
  2867 | D:2      | Found a shimmering altar of Xom.
  2867 | D:2      | Found a shimmering altar of Xom.
  2867 | D:2      | Found a shimmering altar of Xom.
  2867 | D:2      | Found a shimmering altar of Xom.
  2868 | D:2      | Found a shimmering altar of Xom.
  2871 | D:2      | You fall through a shaft!
  2894 | D:3      | Learned a level 3 spell: Ozocubu's Armour
  3075 | D:3      | Reached skill level 4 in Ice Magic
  3237 | D:3      | Noticed slender's ghost (amateur OpVM)
  3381 | D:3      | Killed slender's ghost
  3381 | D:3      | Reached skill level 5 in Ice Magic
  3381 | D:3      | Reached XP level 5. HP: 18/31 MP: 7/9
  3381 | D:3      | Reached XP level 6. HP: 21/36 MP: 7/10
  4305 | D:3      | Noticed Natasha
  4320 | D:3      | Killed Natasha
  4501 | D:3      | Noticed Natasha
  4507 | D:3      | Killed Natasha
  4589 | D:3      | Noticed Natasha
  4600 | D:3      | Killed Natasha
  5168 | D:4      | Reached XP level 7. HP: 28/41 MP: 8/12
  5336 | D:4      | Learned a level 4 spell: Throw Icicle
  5662 | D:4      | Reached skill level 6 in Ice Magic
  5681 | D:4      | Learned a level 3 spell: Confuse
  5757 | D:4      | Killed from afar by an orc priest

Vault maps used:
D:1:      minmay_arrival_floating_metal, lexackson_kobold_supper
D:2:      xom_redecorated, nicolae_gozag_cash_rules_everything_around_me,
          ecumenical_altar_2
D:3:      uniq_natasha
D:4:      first_bread, minmay_joined_circles

Skill      XL: |  1  2  3  4  5  6  7 |
---------------+----------------------+-----
Ice Magic      | 5 6 |  6.0
Dodging        | 3 4 |  4.4
Spellcasting   | 3 4 |  4.1
Stealth        | |  2.6
Conjurations   | |  1.0

Action                   |  1- 3 |  4- 6 |  7- 9 || total
-------------------------+-------+-------+-------++-------
Melee: Unarmed           |    88 |    98 |    22 ||   208
Throw: Stone             |     9 |       |       ||     9
       Javelin           |     8 |    14 |       ||    22
 Cast: Freeze            |    13 |    24 |    12 ||    49
  Use: Scroll            |     4 |     4 |     2 ||    10
       Potion            |       |     3 |       ||     3
 Stab: Sleeping          |     7 |     5 |     1 ||    13
  Eat: Chunk             |     6 |     6 |     3 ||    15
